 Dungeon Crawl Stone Soup version 0.23-a0-641-g0a7f1ce553 (webtiles) character file.

95563 CheiIsBae the Brawler (level 15, -1/165 HPs)
             Began as a Grey Draconian Transmuter on Dec 30, 2018.
             Was the Champion of Wu Jian.
             Slain by a ten-headed hydra (11 damage)
             ... on level 15 of the Dungeon.
             The game lasted 00:59:45 (29344 turns).

CheiIsBae the Brawler (Grey Draconian Transmuter)  Turns: 29344, Time: 00:59:46

Health: -1/165     AC:  6    Str: 14    XL:     15   Next: 66%
Magic:  6/18       EV: 16    Int: 19    God:    Wu Jian [******]
Gold:   2132       SH:  5    Dex: 11    Spells: 7/18 levels left

rFire    x . .     SeeInvis .     - Unarmed
rCold    + + +     Gourm    .   (shield currently unavailable)
rNeg     . . .     Faith    .   (armour unavailable)
rPois    +         Spirit   .   (helmet currently unavailable)
rElec    .         Reflect  +   (cloak currently unavailable)
rCorr    .         Harm     .   (gloves currently unavailable)
MR       +....                  (boots currently unavailable)
Stlth    +.........             U - +5 amulet of reflection
HPRegen  0.37/turn              t - ring of protection from cold
MPRegen  0.16/turn              z - ring of poison resistance

@: ice-form
A: large, (walk through water), unfitting armour, AC +14
a: End Transformation, Wall Jump, Serpent's Lash, Heavenly Storm, Renounce
Religion


You were on level 15 of the Dungeon.
You worshipped Wu Jian.
Wu Jian was exalted by your worship.
You were hungry.
You were a creature of crystalline ice.
You visited 3 branches of the dungeon, and saw 22 of its levels.

You collected 2177 gold pieces.
You spent 45 gold pieces at shops.

Inventory:

Missiles
 q - 380 arrows
 S - 2 throwing nets (quivered)
Armour
 d - a +2 hat (melded)
 f - a +2 pair of gloves (melded)
 B - a +2 pair of boots (melded)
 D - a +0 buckler (melded)
 T - a cursed +0 cloak (melded)
Jewellery
 t - a ring of protection from cold (left front paw)
 z - a ring of poison resistance (right front paw)
 H - an uncursed ring of protection from fire
 U - a +5 amulet of reflection (around neck)
Wands
 j - a wand of random effects (17)
 k - a wand of acid (44)
 u - a wand of iceblast (3)
 w - a wand of clouds (3)
 y - a wand of paralysis (30)
 E - a wand of flame (31)
 I - a wand of digging (4)
 L - a wand of enslavement (8)
Scrolls
 a - 4 scrolls of teleportation
 i - 13 scrolls of remove curse
 n - 3 scrolls of amnesia
 o - 2 scrolls of fog
 r - 3 scrolls of magic mapping
 s - 5 scrolls of identify
 x - a scroll of silence
 A - a scroll of summoning
 F - 2 scrolls of blinking
 G - a scroll of vulnerability
 J - 2 scrolls of fear
 Q - a scroll of enchant weapon
Potions
 b - 2 potions of agility
 e - 5 potions of brilliance
 g - 2 potions of resistance
 h - 5 potions of haste
 l - 7 potions of curing
 m - 6 potions of flight
 p - 2 potions of ambrosia
 v - a potion of berserk rage
 C - a potion of heal wounds
 K - a potion of magic {unknown}
 M - a potion of might
 P - 2 potions of cancellation
 R - a potion of invisibility
Miscellaneous
 O - a phantom mirror
Comestibles
 c - 31 rations
 N - 3 chunks of flesh


   Skills:
 + Level 14.2 Fighting
 + Level 12.5 Dodging
 - Level 4.1 Shields
 + Level 17.8 Unarmed Combat
 - Level 2.0 Spellcasting
 - Level 10.2 Transmutations


You had 7 spell levels left.
You knew the following spells:

 Your Spells              Type           Power        Failure   Level  Hunger
a - Blade Hands           Tmut           #####.....   7%          5    ######.
b - Sticks to Snakes      Tmut           #####...     1%          2    ###....
c - Ice Form              Ice/Tmut       ###.....     21%         4    #####..

Your spell library contained the following spells:

 Spells                   Type           Power        Failure   Level  Hunger
 Beastly Appendage        Tmut           #####.       1%          1    #......
 Passwall                 Tmut/Erth      ###.....     3%          2    ###....
 Spider Form              Tmut/Pois      ###.......   6%          3    ###....
 Animate Skeleton         Necr           N/A          17%         1    #......
 Apportation              Tloc           #.....       17%         1    #......
 Confusing Touch          Hex            #.....       17%         1    #......
 Pain                     Necr           #...         17%         1    #......
 Sandblast                Erth           #.....       17%         1    #......
 Summon Small Mammal      Summ           #...         17%         1    #......
 Petrify                  Tmut/Erth      ###.....     21%         4    #####..
 Swiftness                Chrm/Air       #.......     26%         2    ###....
 Regeneration             Chrm/Necr      #.........   45%         3    ###....
 Stone Arrow              Conj/Erth      #.....       45%         3    ###....
 Vampiric Draining        Necr           #.........   45%         3    ###....
 Yara's Violent Unravell  Hex/Tmut       ###.......   50%         5    ######.
 Animate Dead             Necr           N/A          86%         4    #####..
 Cause Fear               Hex            #.........   86%         4    #####..
 Passage of Golubria      Tloc           N/A          86%         4    #####..
 Lee's Rapid Deconstruct  Erth           #.........   99%         5    ######.
 Silence                  Hex/Air        #.........   99%         5    ######.
 Darkness                 Hex            #.........   100%        6    #######
 Deflect Missiles         Chrm/Air       #.........   100%        6    #######
 Invisibility             Hex            #.......     100%        6    #######
 Discord                  Hex            #.........   100%        8    #######


Dungeon Overview and Level Annotations

Branches:
Dungeon (15/15)            Temple (1/1) D:5            Lair (6/6) D:11
  Swamp (0/4) Lair:3        Snake (0/4) Lair:3        Slime (0/5) Lair:5
    Orc (0/2) D:12         Vaults (0/5) D:14         Depths (0/5) D:15

Altars:
Ashenzari
Cheibriados
Dithmenos
Elyvilon
Fedhas
Gozag
Hepliaklqana
Kikubaaqudgha
Makhleb
Nemelex Xobeh
Okawaru
Qazlal
Ru
Sif Muna
Trog
Uskayaw
Vehumet
Wu Jian
Xom
Yredelemnul
Zin
The Shining One
Beogh

Shops:
D:5 *   D:7 :=   D:9 [   D:12 }

Annotations:
D:2 exclusion: Sigmund, Sigmund
D:5 3 runed doors, Yermak's ghost, amateur GnSu
Lair:5 exclusion: 3 oklob plants


Innate Abilities, Weirdness & Mutations

((You can walk through water.))
((Your dull iron-grey scales are very hard. (AC +14)))
You cannot fit into any form of body armour.
((You can survive without breathing.))
((You are cold-blooded and may be slowed by cold attacks.))


Message History

The ten-headed hydra bites you!
* * * LOW HITPOINT WARNING * * *
The ten-headed hydra completely misses you.
The ten-headed hydra bites you.
* * * LOW HITPOINT WARNING * * *
The ten-headed hydra bites you but does no damage. x2
You block the ten-headed hydra's attack.
The ten-headed hydra misses you. The ten-headed hydra bites you!
* * * LOW HITPOINT WARNING * * *
The ten-headed hydra barely misses you. x2
The ten-headed hydra closely misses you.
The ten-headed hydra bites you.
* * * LOW HITPOINT WARNING * * *
The ten-headed hydra completely misses you.
The ten-headed hydra bites you!
* * * LOW HITPOINT WARNING * * *
The ten-headed hydra closely misses you.
The ten-headed hydra bites you but does no damage.
The ten-headed hydra misses you. The ten-headed hydra bites you!
You die...

,,,,.................#
,,,,.................#
,,,*##.....####.....#######
,,,**##.##+**##.....##....##
,,,,,#..,,,,,+.............#
,,,,,#.,,,,,,#.............#
,,,,,#,,,,,,,#....)........#
,,,,,*,,.,,,,#.°○○.........#
,,,,,*,,.!,,,#.DY○.........#
,,,,**,,....*##°°○.############
******,,....###....###..,**#..##
,,,,,,,,.......)........,,,....#
,,,,,,,,...(............,,,.Q..#
,,,,,,,,................,,,....*
********###.##....######***..#***
**,,***,,,#.##....###..####..#**,
*,,,,,,,,,........#......Q...+,,,


You could see a ten-headed hydra.

Vanquished Creatures
  Rupert (Lair:5)
  Gastronok (D:11)
  Roxanne (D:14)
  A fire giant (D:14)
  A frost giant (D:14)
  2 fire dragons (Lair:6)
  Fannar (Lair:2)
  10 hydras
  5 vault guards (D:14)
  Harold (D:7)
  A catoblepas (D:11)
  5 centaur warriors
  6 two-headed ogres
  2 ogre magi (D:14)
  A death knight (D:14)
  4 tengu warriors
  3 skeletal warriors (D:14)
  4 unseen horrors
  A lindwurm (Lair:6)
  A swamp dragon (Lair:6)
  A wolf spider zombie (D:14)
  A deep elf archer (D:14)
  A wizard (D:15)
  2 ugly things
  5 oklob plants
  An orc knight (D:14)
  Pikel (D:7)
  3 cyclopes
  10 elephants
  A manticore (D:14)
  6 black mambas
  Joseph (D:7)
  12 spiny frogs
  5 torpor snails (Lair:6)
  3 kobold demonologists
  4 rime drakes
  10 komodo dragons
  3 freezing wraiths (D:14)
  3 efreet
  A meliai (D:14)
  A polar bear (Lair:4)
  A queen bee (D:11)
  A troll (D:10)
  Grinder (D:4)
  11 hornets
  4 tyrant leeches (Lair:6)
  5 blink frogs (Lair:6)
  10 hippogriffs
  A dream sheep (Lair:5)
  A vampire (D:10)
  A spriggan (D:7)
  A shadow (D:14)
  A centaur simulacrum (D:14)
  A wraith (D:12)
  3 wyverns
  36 yaks
  A fire elemental (Lair:5)
  8 fire bats
  A hungry ghost (D:14)
  9 vampire mosquitoes
  7 basilisks
  4 steam dragons
  4 nagas (Lair:3)
  A soldier ant (D:14)
  2 acid dragons (D:14)
  Duvessa (D:5)
  A hell hound (D:14)
  3 ice beasts
  A slave (D:7)
  13 porcupines
  15 orc warriors
  23 water moccasins
  A swamp drake (Lair:6)
  3 sky beasts
  3 black bears
  A phantom (D:3)
  A necrophage (D:10)
  14 wolves
  8 ogres
  4 centaurs
  13 crocodiles
  3 big kobolds
  20 bullfrogs
  A wyvern zombie (D:12)
  Dowan (D:5)
  A wyvern skeleton (D:9)
  4 scorpions
  32 killer bees
  6 wights (D:14)
  5 howler monkeys
  3 electric eels
  3 lava snakes
  12 crimson imps
  A bullfrog zombie (D:10)
  4 centaur zombies
  9 hounds
  2 quasits
  4 jellies
  9 orc priests
  21 orc wizards
  A bullfrog skeleton (D:4)
  3 iguanas
  Natasha (twice) (D:3)
  7 worker ants
  A hound zombie (D:3)
  2 howler monkey skeletons
  9 adders
  2 shadow imps
  2 adder zombies
  2 adder skeletons (D:4)
  A worm (D:4)
  A dart slug (D:3)
  12 leopard geckos
  87 orcs
  14 bats
  7 giant cockroaches
  6 goblins
  4 hobgoblins
  4 jackals (D:3)
  8 kobolds
  3 quokkas
  A ball python skeleton (D:3)
  9 frilled lizards
  A leopard gecko skeleton (D:7)
  A quokka skeleton (D:4)
  9 rats
  3 fire vortices (D:14)
  3 plants
693 creatures vanquished.

Vanquished Creatures (collateral kills)
  An ogre (D:5)
  A centaur (D:14)
  A ball python (D:5)
  A leopard gecko skeleton (D:5)
4 creatures vanquished.

Vanquished Creatures (others)
  A manticore (D:14)
  2 slaves (D:7)
  A centaur (D:14)
  A wyvern skeleton (D:14)
  2 orcs (D:7)
  A bush (D:14)
  3 fungi
  37 plants
48 creatures vanquished.

Grand Total: 745 creatures vanquished

Notes
Turn   | Place    | Note
-------+----------+-------------------------------------------
     0 | D:1      | CheiIsBae the Draconian Transmuter began the quest for the
                  | Orb.
     0 | D:1      | Reached XP level 1. HP: 16/16 MP: 3/3
   336 | D:1      | Reached XP level 2. HP: 23/23 MP: 3/5
   663 | D:2      | Noticed Sigmund
   809 | D:2      | Learned a level 2 spell: Sticks to Snakes
   913 | D:2      | Reached skill level 4 in Unarmed Combat
  1491 | D:3      | Reached XP level 3. HP: 27/28 MP: 4/6
  1632 | D:3      | Reached skill level 5 in Unarmed Combat
  1632 | D:3      | Reached XP level 4. HP: 31/35 MP: 5/7
  1722 | D:3      | Noticed a phantom
  1761 | D:3      | Noticed Natasha
  2069 | D:3      | Killed Natasha
  2131 | D:3      | Killed a phantom
  2131 | D:3      | Reached skill level 6 in Unarmed Combat
  2131 | D:3      | Reached XP level 5. HP: 16/40 MP: 0/8
  2474 | D:3      | Noticed Natasha
  2496 | D:3      | Killed Natasha
  2563 | D:3      | You fall through a shaft for 2 floors!
  2563 | D:5      | Entered Level 5 of the Dungeon
  2563 | D:5      | Noticed Duvessa
  2563 | D:5      | Noticed Dowan
  2787 | D:5      | Found a staircase to the Ecumenical Temple.
  2833 | Temple   | Entered the Ecumenical Temple
  2979 | D:5      | Noticed an ogre
  3003 | D:5      | HP: 2/40 [ogre/cursed +0 giant club (16)]
  3033 | D:5      | Killed an ogre
  3033 | D:5      | Reached skill level 7 in Unarmed Combat
  3033 | D:5      | Reached XP level 6. HP: 7/47 MP: 0/9
  3726 | D:3      | Reached skill level 10 in Unarmed Combat
  3726 | D:3      | Reached skill level 10 in Transmutations
  3726 | D:3      | Your scales start taking on a dull iron-grey colour.
  3726 | D:3      | Reached XP level 7. HP: 51/52 MP: 10/10
  3726 | D:3      | Gained mutation: You can survive without breathing. [Grey
                  | Draconian growth]
  3737 | D:3      | Learned a level 5 spell: Blade Hands
  3880 | D:4      | Reached XP level 8. HP: 59/59 MP: 5/11
  4004 | D:4      | Noticed Grinder
  4011 | D:4      | Killed Grinder
  4409 | D:5      | Killed Duvessa
  4474 | D:5      | Killed Dowan
  4618 | D:5      | Found Soigeiro's General Store.
  4624 | D:5      | Bought a scroll of teleportation for 45 gold pieces
  4632 | D:5      | Identified the +3 trident "Lifebane" {pierce, rF+ rN+ Str+3
                  | Int+4}
  4841 | D:5      | Found a runed gate.
  4842 | D:5      | Found a runed gate.
  4843 | D:5      | Found a runed gate.
  4847 | D:5      | Noticed Yermak's ghost (amateur GnSu)
  4856 | D:5      | Found an opulent altar of Gozag.
  4857 | D:5      | Noticed a slime creature
  5033 | D:6      | Found an ornate altar of the Wu Jian Council.
  5036 | D:6      | Found a glowing silver altar of Zin.
  5038 | D:6      | Found a sacrificial altar of Ru.
  5045 | D:6      | Reached XP level 9. HP: 69/70 MP: 3/12
  5048 | D:6      | Became a worshipper of the Wu Jian Council
  6248 | D:7      | Found Hejavo's Book Shop.
  6353 | D:7      | Found a hide-covered altar of Uskayaw.
  6646 | D:7      | Found Acif's Jewellery Shop.
  6651 | D:7      | Noticed Harold
  6667 | D:7      | Killed Harold
  6667 | D:7      | Reached skill level 5 in Fighting
  6667 | D:7      | Reached skill level 5 in Dodging
  6747 | D:7      | Noticed Joseph
  6760 | D:7      | Killed Joseph
  6807 | D:7      | Reached * piety under Wu Jian
  6811 | D:7      | Reached XP level 10. HP: 66/83 MP: 7/13
  7115 | D:7      | Found a runed door.
  7338 | D:7      | Noticed Pikel
  7359 | D:7      | Killed Pikel
  7508 | D:7      | Found a roughly hewn altar of Beogh.
  7650 | D:8      | Reached ** piety under Wu Jian
  8437 | D:8      | Learned a level 4 spell: Ice Form
  8580 | D:9      | Found Erehim's Armour Shoppe.
  8676 | D:9      | Reached skill level 11 in Unarmed Combat
  8677 | D:9      | Reached *** piety under Wu Jian
  8855 | D:9      | Noticed a four-headed hydra
  8868 | D:9      | Killed a four-headed hydra
  9283 | D:9      | Reached XP level 11. HP: 88/92 MP: 8/14
  9623 | D:10     | Entered Level 10 of the Dungeon
  9719 | D:10     | Found a sacrificial altar of Ru.
  9916 | D:10     | Reached skill level 12 in Unarmed Combat
 10244 | D:10     | Noticed a two-headed ogre
 10248 | D:10     | Killed a two-headed ogre
 10857 | D:11     | Noticed a brown ugly thing
 10865 | D:11     | Noticed a catoblepas
 10876 | D:11     | Killed a brown ugly thing
 10879 | D:11     | Killed a catoblepas
 10880 | D:11     | Reached **** piety under Wu Jian
 11291 | D:10     | Reached skill level 13 in Unarmed Combat
 12687 | D:11     | Noticed a two-headed ogre
 12692 | D:11     | Killed a two-headed ogre
 12738 | D:11     | Noticed Gastronok
 12747 | D:11     | Killed Gastronok
 12747 | D:11     | Reached skill level 14 in Unarmed Combat
 12747 | D:11     | Reached XP level 12. HP: 79/100 MP: 10/15
 12907 | D:11     | Found a staircase to the Lair.
 13148 | D:12     | Found a basalt altar of Yredelemnul.
 13308 | D:12     | Found a staircase to the Orcish Mines.
 13849 | D:12     | Found Ostiesor's Gadget Shop.
 14242 | D:13     | Noticed a centaur warrior
 14252 | D:13     | Killed a centaur warrior
 14487 | D:13     | Noticed a two-headed ogre
 14491 | D:13     | Killed a two-headed ogre
 14491 | D:13     | Reached skill level 15 in Unarmed Combat
 14554 | D:13     | Noticed a centaur warrior
 14555 | D:13     | Killed a centaur warrior
 14572 | D:13     | Noticed a centaur warrior
 14579 | D:13     | Killed a centaur warrior
 15584 | D:14     | You fall through a shaft!
 15584 | D:15     | Entered Level 15 of the Dungeon
 15584 | D:15     | Noticed a tengu warrior
 15584 | D:15     | Noticed an eight-headed hydra
 15585 | D:15     | Noticed a tengu warrior
 15610 | D:14     | Noticed a death knight
 15973 | Lair:1   | Entered Level 1 of the Lair of Beasts
 16038 | Lair:1   | Reached XP level 13. HP: 98/111 MP: 13/16
 16521 | Lair:1   | Reached ***** piety under Wu Jian
 17013 | Lair:2   | Reached skill level 10 in Fighting
 17676 | Lair:2   | Noticed Fannar
 17694 | Lair:2   | Killed Fannar
 19145 | Lair:3   | Found a staircase to the Snake Pit.
 19581 | Lair:3   | Found a staircase to the Swamp.
 19927 | Lair:4   | Reached skill level 16 in Unarmed Combat
 20743 | Lair:4   | Reached skill level 10 in Dodging
 21598 | Lair:5   | Reached XP level 14. HP: 117/124 MP: 12/17
 21795 | Lair:5   | Noticed Rupert
 21803 | Lair:5   | Killed Rupert
 22552 | Lair:5   | Found a staircase to the Slime Pits.
 23074 | Lair:5   | Found the +8 whip "Snakebite" {curare, rPois}
 23511 | Lair:6   | Entered Level 6 of the Lair of Beasts
 24067 | Lair:6   | Found a runed door.
 24666 | Lair:6   | Reached skill level 17 in Unarmed Combat
 24964 | Lair:6   | Reached ****** piety under Wu Jian
 26095 | D:14     | Reached XP level 15. HP: 115/136 MP: 14/18
 26790 | D:14     | Identified Roxanne's Tome of Transformation
 26790 | D:14     | Noticed Roxanne
 26807 | D:14     | Killed Roxanne
 27861 | D:14     | Found a gate to the Vaults.
 27995 | D:14     | Found a hide-covered altar of Uskayaw.
 28372 | D:14     | Noticed a frost giant
 28380 | D:14     | Killed a frost giant
 28846 | D:14     | Noticed a fire giant
 28854 | D:14     | Killed a fire giant
 29344 | D:15     | Slain by a ten-headed hydra

Vault maps used:
D:1:      tarquinn_simple_flora_water_b, minivault_14
D:2:      first_ration, minmay_lizard_king, uniq_sigmund
D:3:      uniq_natasha
D:4:      uniq_grinder
D:5:      minmay_temple_entry_nine_rooms, serial_shops, nicolae_shop_stone,
          ebering_ghost_gozag, serial_undead, serial_undead_c, serial_undead_c,
          serial_undead_c, serial_undead_c, nrook_pool_corridor,
          roderic_batcave, uniq_duvessa
D:6:      grunt_temple_overflow_diamond, grunt_ministairs_10,
          minmay_misc_feat_plants
D:7:      eat_drink_and_be_merry_uskayaw, serial_co_window_serial,
          co_window_corner_a, co_window_cross_1, co_window_corner_a,
          co_window_of_opportunity_a, co_window_of_opportunity_a,
          co_window_corner_b, co_window_corner_ca, co_window_of_opportunity_b,
          co_window_4corner_a, glass_columns_a, glass_columns_a,
          glass_columns_a, glass_columns_c, glass_columns_c, serial_shops, shop,
          nicolae_shop_stone, the_bakery, lightli_church_of_beogh, uniq_joseph,
          uniq_harold, uniq_pikel
D:8:      grunt_ministairs_12, minivault_14, minmay_bent
D:9:      serial_shops, shop_statue, eino_tiny_chamber, chequers_arboretum
D:10:     hangedman_ru_absence
D:11:     dpeg_oklobed_lair, special_room, uniq_gastronok
D:12:     hiddenorc1_lemuel, serial_shops, kennysheep_mini_moat,
          yredelemnul_altar_generic
D:13:     minmay_door_square
D:14:     minmay_expanding_squares, grunt_vaults_entry_fortified,
          serial_park_paths, hangedman_incinerator, uniq_roxanne
D:15:     hangedman_depths_entry_try_elsewhere_first
Temple:   hc_temple_tempest_star
Lair:1:   nzn_random_ring
Lair:2:   serial_bayou_lagoon_a, uniq_fannar
Lair:3:   minmay_swamp_entry_swarm, minmay_snake_entry_guardpost_small,
          st_stairs_5, grunt_megastairs_2, serial_bayou_shore_a,
          serial_bayou_shore_b
Lair:4:   chequers_serial_rivers_small_a, st_stairs_8, grunt_megastairs_3,
          minmay_lair_oklob_chamber
Lair:5:   minmay_guarded_unrand_snakebite, minmay_slime_entry_oklob_open,
          minmay_shattered_shrine, uniq_rupert
Lair:6:   wormcave, guppyfry_lair_end_dragon, grunt_megastairs_4

Skill      XL: |  1  2  3  4  5  6  7  8  9 10 11 12 13 14 15 |
---------------+----------------------------------------------+-----
Unarmed Combat | 4 5 6 7 10 11 14 15 16 17 | 17.8
Transmutations | 10 | 10.2
Dodging        | 2 4 5 6 8 10 11 12 | 12.5
Fighting       | 3 6 7 9 11 13 14 | 14.2
Shields        | 4 |  4.1
Spellcasting   | |  2.0

Action                   |  1- 3 |  4- 6 |  7- 9 | 10-12 | 13-15 || total
-------------------------+-------+-------+-------+-------+-------++-------
Melee: Unarmed           |   125 |   141 |   220 |   650 |   970 ||  2106
       Tailslap          |    13 |    22 |    26 |    50 |    80 ||   191
       Kick              |     3 |     4 |       |       |       ||     7
       Headbutt          |     2 |     4 |       |       |       ||     6
       Punch             |     1 |     4 |     7 |    21 |    35 ||    68
 Cast: Beastly Appendage |     6 |    12 |       |       |       ||    18
       Sticks to Snakes  |       |    12 |       |       |     1 ||    13
       Blade Hands       |       |       |    36 |    60 |    83 ||   179
       Ice Form          |       |       |       |     1 |     9 ||    10
Invok: Lunge             |       |       |    11 |    63 |    76 ||   150
       Whirlwind         |       |       |       |   105 |   100 ||   205
       Serpent's Lash    |       |       |       |     4 |     7 ||    11
       Heavenly Storm    |       |       |       |       |     1 ||     1
 Abil: Wall Jump         |       |       |       |    10 |    20 ||    30
Evoke: Wand              |       |       |       |     1 |     7 ||     8
  Use: Scroll            |       |     3 |     4 |    14 |    18 ||    39
       Potion            |       |     4 |     1 |     4 |     4 ||    13
 Stab: Petrified         |       |       |       |     1 |       ||     1
  Eat: Chunk             |     2 |     3 |    20 |    42 |    51 ||   118
       Ration            |       |     2 |       |     4 |     8 ||    14
Armor: Skin              |    47 |    60 |    59 |   183 |   283 ||   632
Dodge: Dodged            |   118 |    89 |   111 |   356 |   568 ||  1242
Block: Buckler           |       |       |       |    12 |    60 ||    72
       Other             |       |       |       |       |    48 ||    48
       Reflection        |       |       |       |       |    12 ||    12

Table legend:
 A = Non-vault XP
 B = Vault XP
 C = Vault XP percentage of total XP
 D = Non-vault monster count
 E = Vault monster count
 F = Vault count percentage of total count
                 A         B        C        D         E       F
            +---------+---------+-------+---------+---------+-------
      Total |   69573 |   66350 |  48.8 |     458 |     234 |  33.8
            +---------+---------+-------+---------+---------+-------
        D:1 |      12 |       0 |   0.0 |       9 |       0 |   0.0
        D:2 |      19 |       7 |  26.9 |      12 |       5 |  29.4
        D:3 |     293 |      34 |  10.4 |      35 |       1 |   2.8
        D:4 |     440 |     290 |  39.7 |      20 |       1 |   4.8
        D:5 |     616 |     251 |  29.0 |      17 |      11 |  39.3
        D:6 |     853 |       0 |   0.0 |      27 |       0 |   0.0
        D:7 |     783 |    2733 |  77.7 |      22 |      27 |  55.1
        D:8 |    1100 |     253 |  18.7 |      29 |       7 |  19.4
        D:9 |    2789 |       0 |   0.0 |      23 |       0 |   0.0
       D:10 |    4754 |      66 |   1.4 |      29 |       1 |   3.3
       D:11 |    4254 |    4476 |  51.3 |      24 |      26 |  52.0
       D:12 |    3534 |     254 |   6.7 |      18 |      17 |  48.6
       D:13 |    6097 |       0 |   0.0 |      20 |       0 |   0.0
       D:14 |   11206 |   21116 |  65.3 |      46 |      36 |  43.9
       D:15 |    5757 |       0 |   0.0 |      10 |       0 |   0.0
     Lair:1 |    2042 |    2812 |  57.9 |      13 |       9 |  40.9
     Lair:2 |    4242 |    2111 |  33.2 |      22 |       3 |  12.0
     Lair:3 |    3265 |    2320 |  41.5 |      15 |      13 |  46.4
     Lair:4 |    2792 |    6699 |  70.6 |      11 |      18 |  62.1
     Lair:5 |    5818 |   10024 |  63.3 |      24 |      19 |  44.2
     Lair:6 |    8907 |   12904 |  59.2 |      32 |      40 |  55.6
            +---------+---------+-------+---------+---------+-------
